 Dungeon Crawl Stone Soup version 0.10.4 character file.

39331 MackTheKnife the Black Belt (level 13, -1/90 HPs)
             Began as a Sludge Elf Monk on Sept 26, 2014.
             Was a High Priest of Okawaru.
             Slain by a death yak (26 damage)
             ... on Level 8 of the Lair of Beasts.
             The game lasted 01:43:07 (24615 turns).

MackTheKnife the Black Belt (Sludge Elf Monk)      Turns: 24615, Time: 01:43:07

HP  -1/90        AC 13     Str 12      XL: 13   Next: 82%
MP  22/24        EV 30     Int 16      God: Okawaru [*****.]
Gold 1380        SH  0     Dex 20      Spells:  1 memorised, 10 levels left

Res.Fire  : + . .   See Invis. : +     - Unarmed
Res.Cold  : . . .   Warding    : . . z - +1 leather armour of the Barnacle {+Inv Da Life Prot.: . . . Conserve : . (no shield) Res.Acid. : . . . Res.Corr. : . b - +2 golden helmet
Res.Poison: .       Clarity    : .   J - +0 cloak
Res.Elec. : .       Spirit.Shd : .   n - +0 pair of gloves
Sust.Abil.: . .     Stasis     : .   G - +0 pair of boots {Stlth+} {god gift}
Res.Mut.  : .       Ctrl.Telep.: .   m - amulet of faith
Res.Rott. : .       Levitation : .   Q - ring of protection from fire
Saprovore : . . .   Ctrl.Flight: .   v - ring of the Mage {Wiz MR Int+3}

@: heroism, very resistant to hostile enchantments, extremely stealthy
A: no striking features
a: Heroism, Finesse, Renounce Religion, Evoke Invisibility


You were on level 8 of the Lair of Beasts.
You worshipped Okawaru.
Okawaru was exalted by your worship.
You were very hungry.

You visited 3 branches of the dungeon, and saw 21 of its levels.
You visited 1 Labyrinth.
You visited 2 portal chambers: ossuary, ice cave.

You collected 1555 gold pieces.
You spent 175 gold pieces at shops.

Inventory:

Missiles
 D - 7 +0 darts (quivered)
Armour
 b - a +2 golden helmet (worn)
 n - a +0 pair of gloves (worn)
 z - the +1 leather armour of the Barnacle (worn) {+Inv Dam+4 SInv}
   (You found it on level 2 of the Lair of Beasts)

   It affects your damage-dealing abilities (+4).
   It enhances your eyesight.
   It lets you turn invisible.
 G - a +0 pair of boots of stealth (worn) {god gift}
 J - a +0 cloak (worn)
Magical devices
 e - a wand of fire (0)
 p - a wand of digging (1)
 t - a wand of flame (17)
 C - a wand of disintegration (4)
 W - a wand of enslavement (3)
Comestibles
 g - 6 bread rations
 h - 3 meat rations
 E - a pear
 N - 2 honeycombs
 O - a royal jelly
Scrolls
 a - 4 scrolls of blinking
 c - a scroll of amnesia
 d - 2 scrolls of identify
 i - a scroll of enchant weapon I
 j - a scroll of teleportation
 k - 8 scrolls of remove curse
 q - 4 scrolls of detect curse
 r - 3 scrolls of magic mapping
 s - a scroll of fear
 w - 5 scrolls of enchant weapon II
 L - a scroll of recharging
 P - a scroll of enchant weapon III {unknown}
 T - a scroll of summoning
Jewellery
 l - the ring of Ahitats {*TELE +Tele Dex+1}
   (You found it on level 5 of the Dungeon)

   [ring of teleportation]

   It affects your dexterity (+1).
 m - an amulet of faith (around neck)
 v - the ring of the Mage (left hand) {Wiz MR Int+3}
   (You found it on level 10 of the Dungeon)

   [ring of wizardry]

   It affects your intelligence (+3).
   It increases your resistance to enchantments.
 y - an uncursed ring of sustain abilities
 F - an uncursed ring of life protection
 Q - a ring of protection from fire (right hand)
 R - an uncursed ring of protection from cold
 X - the ring "Ciusaviomif" {Hunger Str+2 Dex+3}
   (You found it on level 4 of the Lair of Beasts)

   [ring of hunger]

   It affects your strength (+2).
   It affects your dexterity (+3).
 Y - an uncursed ring of teleport control
Potions
 f - 4 potions of curing
 o - a potion of speed
 u - a potion of experience {unknown}
 x - a potion of mutation {unknown}
 A - 3 potions of brilliance
 B - a potion of heal wounds
 H - a potion of levitation
 V - 2 potions of restore abilities
 Z - a potion of paralysis {unknown}


   Skills:
 + Level 11.7(16.7) Fighting
 - Level 6.0(11.0) Armour
 + Level 14.9(19.9) Dodging
 - Level 2.2(7.2) Stealth
 + Level 16.0(21.0) Unarmed Combat
 - Level 6.5 Invocations
 - Level 9.5 Evocations


You had 10 spell levels left.
You knew the following spells:

 Your Spells              Type           Power        Failure   Level  Hunger
a - Slow                  Hex            #........    16%         2    Choko

Dungeon Overview and Level Annotations

Branches:
Dungeon (12/27)            Temple (1/1) D:7             Orc (0/4) D:10
   Lair (8/8) D:12          Swamp (0/5) Lair:5       Shoals (0/5) Lair:4
  Slime (0/6) Lair:8

Altars:
Ashenzari
Cheibriados
Elyvilon
Fedhas
Kikubaaqudgha
Makhleb
Nemelex Xobeh
Okawaru
Sif Muna
The Shining One
Trog
Vehumet
Xom
Yredelemnul
Zin

Shops:
D:12: !

Annotations
D:4 exclusion: jelly
D:5 exclusions: 3 doors and 2 downstairs
D:6 Menkaure
Lair:7 exclusion: oklob plant


Message History

You are feeling very hungry.
The death yak gores you.
* * * LOW HITPOINT WARNING * * *
Your magical contamination has completely faded away.
You continue eating.
The death yak gores you!
* * * LOW HITPOINT WARNING * * *
You finish eating.
That rambutan was delicious!
Drink which item? (? for menu, Esc to quit)
You feel much better. The death yak gores you!
* * * LOW HITPOINT WARNING * * *
Unknown command.
Use which ability? (? or * to list)
You gain the combat prowess of a mighty hero.
You feel slightly more hungry. The death yak gores you!
* * * LOW HITPOINT WARNING * * *
Unknown command.
Drink which item? (? for menu, Esc to quit)
You feel much better. The death yak gores you!
You die...

♣♣...............................
...................?. ...(.......
.#....#............... ..........
#######........f...... ..P..#...
#.........#. ..... .##.....
##..#......#...... ........
#...J......#...... ....f...
##..#.............. .f.....
#..#P...#@....#.# ......
..##......Y......# .....
.................. ....
.#..........#...### #..
.#...f.#..ff###.## .. ##
.#..#...## .# . ##...#... . ...
.. #


You could see a death yak and a giant amoeba (wandering).

Vanquished Creatures
  Jozef (D:11)
  The ghost of angrylion the Hoplite, a powerful MiFi of Okawaru (Lair:4)
  A minotaur (Lab)
  A hydra (Lair:8)
  A death yak (Lair:8)
  3 ice statues (Port)
  Pikel (D:4)
  A giant amoeba (Lair:8)
  The ghost of Rationalist the Ducker, an experienced MiBe of Trog (D:7)
  A necromancer (Lair:4)
  2 griffons
  A cyclops (D:11)
  Maurice (D:11)
  An elephant slug (Lair:6)
  6 elephants (Lair:7)
  A black mamba (Lair:4)
  9 spiny frogs
  Psyche (D:11)
  Grinder (D:4)
  A wandering mushroom (Lair:8)
  2 trolls (D:11)
  6 spriggans
  Prince Ribbit (D:5)
  2 agate snail zombies (Lair:4)
  13 blink frogs
  A komodo dragon (Lair:7)
  4 grizzly bears (Lair:8)
  A hairy devil (D:6)
  A queen bee (Lair:1)
  A giant firefly (Lair:8)
  A basilisk (Lair:6)
  4 hippogriffs
  5 sharks (Lair:4)
  23 yaks
  A merfolk (D:7)
  A komodo dragon zombie (Lair:4)
  4 war dogs (Lair:4)
  2 steam dragons
  2 vampire mosquitoes (D:12)
  Edmund (D:4)
  6 giant goldfish (Lair:4)
  3 slaves (D:4)
  2 sky beasts
  7 black bears (Lair:8)
  6 orc warriors
  12 wolves (Lair:8)
  7 crocodiles
  A phantom (D:10)
  18 ice beasts
  6 ogres
  2 centaurs (D:8)
  A big kobold (D:11)
  A rotting devil (D:6)
  6 giant slugs
  5 water moccasins
  10 giant frogs
  3 agate snails
  An eye of draining (D:10)
  2 jellyfish (Lair:4)
  5 wights (D:8)
  20 killer bees (Lair:1)
  2 boulder beetles
  A crocodile zombie (Lair:4)
  3 goliath beetles
  A hound (Lair:2)
  A quasit (D:11)
  6 crimson imps
  A shadow (D:11)
  3 big fish
  6 iguanas
  2 orc priests
  A gnoll shaman (D:5)
  A hound skeleton (D:5)
  3 orc wizards
  5 worker ants
  8 porcupines
  3 scorpions
  11 sheep
  2 worm zombies (D:6)
  Ijyb (D:4)
  Jessica (D:3)
  3 jellies
  2 goliath beetle zombies
  2 mummies
  17 adders
  10 gnolls
  2 adder zombies
  3 giant centipedes
  37 green rats
  A scorpion zombie (D:6)
  3 worms
  12 white imps (Lair:3)
  A giant eyeball (D:6)
  8 giant geckos
  An ooze (D:1)
  83 orcs
  4 giant cockroaches
  22 hobgoblins
  12 jackals
  A quokka (Lair:3)
  2 ball pythons
  2 ball python skeletons (Port)
  13 bats
  7 giant newts
  19 goblins
  A hobgoblin skeleton (Port)
  2 hobgoblin zombies (Port)
  16 kobolds
  2 kobold zombies (Port)
  2 orc skeletons
  3 orc zombies
  36 rats
  A rat skeleton (D:7)
  A fungus (Lair:8)
  2 plants (Lair:4)
  7 toadstools
638 creatures vanquished.

Vanquished Creatures (collateral kills)
  2 spiny frogs (Lair:6)
  A komodo dragon (Lair:7)
  A shark (Lair:5)
  An item mimic (Lair:7)
  A giant frog (Lair:6)
  An agate snail (Lair:6)
  A water moccasin (Lair:7)
8 creatures vanquished.

Vanquished Creatures (others)
  A hairy devil (D:6)
  A yak (Lair:7)
  A small abomination (Lair:7)
  4 green rats
  A giant newt (D:5)
  22 toadstools
30 creatures vanquished.

Grand Total: 676 creatures vanquished

Notes
Turn   | Place    | Note
--------------------------------------------------------------
     0 | D:1      | MackTheKnife, the Sludge Elf Monk, began the quest for the Orb.
     0 | D:1      | Reached XP level 1. HP: 14/14 MP: 0/0
   205 | D:1      | Reached XP level 2. HP: 17/19 MP: 2/2
   306 | D:1      | Reached XP level 3. HP: 22/25 MP: 3/3
  1576 | D:2      | Reached skill level 5 in Unarmed Combat
  1576 | D:2      | Reached XP level 4. HP: 15/30 MP: 4/4
  2198 | D:3      | Noticed Jessica
  2208 | D:3      | Killed Jessica
  2602 | D:3      | Reached skill level 5 in Dodging
  2602 | D:3      | Reached XP level 5. HP: 33/36 MP: 6/6
  3478 | D:4      | Noticed Edmund
  3567 | D:4      | Noticed Pikel
  3685 | D:4      | Noticed Ijyb
  3705 | D:4      | Killed Ijyb
  3758 | D:4      | Reached skill level 6 in Unarmed Combat
  3758 | D:4      | Reached XP level 6. HP: 36/41 MP: 7/7
  3957 | D:5      | Entered Level 5 of the Dungeon
  3963 | D:5      | Found a shimmering altar of Xom.
  3974 | D:5      | Noticed Prince Ribbit
  4547 | D:5      | Got a wavering copper ring
  4548 | D:5      | Identified the ring of Ahitats (You found it on level 5 of the Dungeon)
  4624 | D:5      | Found an ancient bone altar of Kikubaaqudgha.
  4638 | D:5      | Found a shimmering altar of Xom.
  4642 | D:5      | Noticed Menkaure
  5052 | D:5      | Reached XP level 7. HP: 44/46 MP: 8/8
  5052 | D:5      | Killed Prince Ribbit
  5052 | D:5      | Reached skill level 7 in Dodging
  6113 | D:6      | Reached skill level 8 in Dodging
  6113 | D:6      | Reached XP level 8. HP: 26/52 MP: 10/10
  6523 | D:6      | Found a sand-covered staircase. 6533
                  | ossuary
                  | Entered a tomb
  7098 | D:6      | Paralysed by a giant eyeball for 2 turns
  7525 | D:6      | Reached skill level 9 in Unarmed Combat
  7634 | D:6      | HP: 2/53 [hairy devil (10)]
  8024 | D:6      | Learned a level 2 spell: Slow
  8705 | D:6      | Reached skill level 1 in Evocations
  8723 | D:6      | Reached XP level 9. HP: 18/58 MP: 11/11
  8962 | D:7      | Noticed Rationalist's ghost (experienced MiBe)
  9178 | D:7      | Found a staircase to the Ecumenical Temple.
  9187 | Temple   | Entered the Ecumenical Temple
  9222 | Temple   | Became a worshipper of Warmaster Okawaru
  9222 | Temple   | Acquired Okawaru's first power
  9306 | D:7      | Reached skill level 5 in Fighting
 10020 | D:7      | Killed Rationalist's ghost
 10304 | D:4      | Killed Pikel
 10304 | D:4      | Reached skill level 10 in Unarmed Combat
 10365 | D:4      | Noticed Grinder
 10376 | D:4      | Killed Grinder
 10376 | D:4      | Reached XP level 10. HP: 65/67 MP: 9/12
 10521 | D:4      | Killed Edmund
 10720 | D:8      | Reached XP level 9. HP: 45/61 MP: 11/11
 10857 | D:8      | Reached XP level 10. HP: 67/67 MP: 12/12
 10911 | D:8      | Reached skill level 11 in Unarmed Combat
 11077 | D:8      | Noticed a brain worm
 11206 | D:8      | Found a shattered altar of Ashenzari.
 12827 | D:10     | Entered Level 10 of the Dungeon
 13286 | D:10     | Got a sapphire ring
 13287 | D:10     | Identified the ring of the Mage (You found it on level 10 of the Dungeon)
 13414 | D:10     | Acquired Okawaru's second power
 13672 | D:10     | Reached skill level 12 in Unarmed Combat
 13787 | D:10     | Found a staircase to the Orcish Mines.
 14134 | D:10     | Received a gift from Okawaru
 14312 | D:11     | Noticed Jozef
 14568 | D:11     | Reached skill level 10 in Dodging
 14662 | D:11     | Noticed Psyche
 14680 | D:11     | Killed Psyche
 14680 | D:11     | Reached XP level 11. HP: 42/74 MP: 14/14
 14880 | D:11     | Killed Jozef
 14880 | D:11     | Reached skill level 13 in Unarmed Combat
 14934 | D:11     | Noticed Maurice
 14966 | D:11     | Killed Maurice
 15704 | D:12     | Found Clagus' Distillery.
 15714 | D:12     | Bought a potion of poison for 14 gold pieces
 15714 | D:12     | Bought a potion of degeneration for 28 gold pieces
 15717 | D:12     | Bought a potion of speed for 77 gold pieces
 15717 | D:12     | Bought a potion of curing for 28 gold pieces
 15717 | D:12     | Bought a potion of curing for 28 gold pieces
 15760 | D:12     | Reached skill level 14 in Unarmed Combat
 15874 | D:12     | Found a staircase to the Lair.
 15883 | Lair:1   | Entered Level 1 of the Lair of Beasts
 15911 | Lair:1   | Received a gift from Okawaru
 16464 | Lair:2   | Reached skill level 1 in Invocations
 16683 | Lair:2   | Reached XP level 12. HP: 75/81 MP: 21/21
 16685 | Lair:2   | Reached skill level 5 in Invocations
 17113 | Lair:2   | Got a bloodstained leather armour
 17132 | Lair:2   | Identified the +1 leather armour of the Barnacle (You found it on level 2 of the Lair of Beasts)
 17184 | Lair:2   | Received a gift from Okawaru
 17232 | Lair:2   | Reached skill level 5 in Evocations
 17508 | Lair:3   | Found a labyrinth entrance.
 17517 | Lab      | Entered a Labyrinth
 18370 | Lab      | Got a steaming bow
 18704 | Lair:3   | Found a frozen archway.
 18747 | IceCv    | Entered an ice cave
 19714 | Lair:4   | Noticed angrylion's ghost (powerful MiFi)
 19844 | Lair:4   | Reached skill level 1 in Armour
 19851 | Lair:4   | Found a staircase to the Shoals.
 19946 | Lair:4   | Killed angrylion's ghost
 20382 | Lair:4   | Reached skill level 5 in Armour
 20427 | Lair:4   | Received a gift from Okawaru
 20568 | Lair:4   | Got a smoking steel ring
 20897 | Lair:4   | Identified the ring "Ciusaviomif" {Str+2 Dex+3} (You found it on level 4 of the Lair of Beasts)
 21311 | Lair:5   | Reached XP level 13. HP: 58/87 MP: 24/24
 21643 | Lair:5   | Found a staircase to the Swamp.
 22020 | Lair:6   | Reached skill level 15 in Unarmed Combat
 22303 | Lair:6   | Reached skill level 10 in Fighting
 22793 | Lair:7   | Received a gift from Okawaru
 23667 | Lair:8   | Entered Level 8 of the Lair of Beasts
 23748 | Lair:8   | Found a staircase to the Slime Pits.
 24011 | Lair:8   | Received a gift from Okawaru
 24012 | Lair:8   | Got an encrusted sabre {god gift}
 24020 | Lair:8   | Identified the -3,-3 sabre of Onkuve {god gift} (Okawaru gifted it to you on level 8 of the Lair of Beasts)
 24545 | Lair:8   | Noticed a wandering mushroom
 24558 | Lair:8   | Killed a wandering mushroom
 24580 | Lair:8   | Reached skill level 16 in Unarmed Combat
 24614 | Lair:8   | HP: 4/90 [death yak (13)]
 24615 | Lair:8   | Slain by a death yak
